 BcadrenCrawl: Boulder Brew version 0.06-744-gf22570f5e0 (webtiles) character file.

Game seed: 6033740694673834311

665 LabCoat the Skirmisher (level 7, -1/89 HPs) Hill Orc Fighter. Began on Mar 9, 2023. Splashed by a big kobold's acid (7 damage) ... on level 2 of the Dungeon. The game lasted 00:17:35 (2337 turns).

LabCoat the Skirmisher (Hill Orc Fighter)           Turns: 2337, Time: 00:17:35

Health: -1/89      AC:  9    Str: 21    XL:     7 ^: 249
Magic:  7/7        EV:  8    Int:  8    God:
Gold:   138        SH:  9    Dex: 10    Spells: 6/6 levels left

rFire    + . .     Slash    .   a - +0 war axe
rCold    + . .     Pierce   .   l - +2 heater shield {rC+ rF+}
rNeg     . . .     Bludgeon .   o - +0 chain mail
rCorr    . . .     Vision   .   (no helmet)
rPois    .         Gourm    .   (no cloak)
rElec    .         Faith    .   (no gloves)
MR       .....     Spirit   .   (no boots)
HPRegen  0.39/turn Reflect  .   i - amulet of the acrobat
MPRegen  0.17/turn Harm     .   r - ring of stealth
Stlth    ..........             (no ring)

@: no status effects
A: soft flesh
a: no special abilities


You were on level 2 of the Dungeon.
You were not hungry.

You visited 1 branch of the dungeon, and saw 2 of its levels.

You collected 138 gold pieces.

Inventory:

Weapons
 a - a +0 war axe (weapon) Shields
 c - a +0 heater shield
 l - a +2 heater shield of resistance (shield)
Armour
 b - a +0 scale mail
 o - a +0 chain mail (worn)
Jewellery
 g - a cursed ring of magical power {(Curse: *Contam)}
 i - an amulet of the acrobat (around neck)
 r - a ring of stealth (left hand)
 s - an uncursed amulet of faith
Scrolls
 d - a scroll of enchantment
 k - a scroll of attention
 n - a scroll of teleportation
Potions
 h - 3 potions of mutation
 m - a potion of brilliance
 p - a potion of agility
 q - a potion of cancellation
Comestibles
 f - 4 rations
 j - 11 chunks of flesh


   Skills:
 * Level 6.0 Fighting
 * Level 5.9 Axes & Hammers
 + Level 4.5 Armour
 + Level 1.9 Dodging
 * Level 5.4 Shields


You had 6 spell levels left.
You didn't know any spells.
Your spell library was empty.

Dungeon Overview and Level Annotations

Branches:
Dungeon (2/8)

Altars:


Innate Abilities, Weirdness & Mutations

((Your soft flesh is weak to deep cuts.
Heavy manmade armour will nullify this weakness. (rSlashing-)))


Message History

The big kobold is almost dead. (3/41) HP You block the big kobold's attack.
The big kobold hits you with a cursed +2 dagger of caustic ooze {(Curse: rC-)} (4).
* * * LOW HITPOINT WARNING * * *
You are splashed with acid (4).
* * * LOW HITPOINT WARNING * * *
The big kobold hits you but does no damage.
You are splashed with acid (7)!
* * * LOW HITPOINT WARNING * * *
Okay, then.
Okay, then.
You barely miss the big kobold.
The big kobold is almost dead. (4/41) HP The big kobold hits you with a cursed +2 dagger of caustic ooze {(Curse: rC-)} (1).
* * * LOW HITPOINT WARNING * * *
You are splashed with acid (6).
* * * LOW HITPOINT WARNING * * *
The big kobold hits you but does no damage.
You are splashed with acid (7)!
You die...

##≈.≈≈≈..≈≈PPPPPP.P..≈≈≈
##.≈≈≈≈.≈≈≈PP≈≈PPP.≈≈≈≈≈
##.≈≈≈≈≈≈≈≈≈≈≈≈≈≈≈≈≈≈P≈;
##..≈≈≈.≈≈≈b≈≈≈≈P≈≈≈≈≈≈≈
#.≈..≈≈..≈≈≈≈≈≈≈≈≈≈≈≈≈≈≈
##.≈≈≈≈≈.≈≈≈≈≈≈≈P≈≈≈≈≈≈.
##≈≈≈≈≈≈†≈≈b≈≈≈≈≈≈≈≈≈≈.≈
##...≈=J.≈≈≈≈≈≈≈≈≈≈≈≈..≈
##..≈≈≈@≈≈≈≈≈≈≈≈.≈≈PP.≈≈
#.≈.≈.†.K.......
#≈≈#≈..#≈≈...P## #≈
##..##..##≈.# # ....
≈..##.≈ ...## ##.≈##≈
#.... ..≈# #.... ..#
#≈.. .#


You could see a big kobold (berserk) and an ooze.

Vanquished Creatures
  A crocodile (D:2)
  A big kobold (D:2)
  4 jellies (D:2)
  7 giant cockroaches
  5 adders (D:2)
  13 sewer rats (D:2)
  7 cinder newts
  5 worms
  A bullfrog (D:2)
  3 oozes (D:2)
  4 leopard geckos
  2 adder skeletons (D:2)
  2 ball pythons (D:2)
  5 bats
  A cinder newt skeleton (D:2)
  4 goblins (D:1)
  4 hobgoblins (D:1)
  2 bat skeletons (D:2)
  2 hobgoblin skeletons (D:2)
  7 kobolds
  A kobold skeleton (D:2)
  2 rats
  A rat skeleton (D:2)
  5 withered plants (D:2)
89 creatures vanquished.

Vanquished Creatures (others)
  A giant cockroach (D:2)
  A goblin (D:1)
  2 giant blowflies (D:2)
  A slimehead (D:2)
  121 withered plants (D:2)
126 creatures vanquished.

Grand Total: 215 creatures vanquished

Notes
Turn   | Place    | Note
-------+----------+-------------------------------------------
     0 | D:1      | LabCoat the Hill Orc Fighter began the quest for the Orb.
     0 | D:1      | Reached XP level 1. HP: 29/29 MP: 1/1
   149 | D:1      | Reached XP level 2. HP: 39/39 MP: 2/2
   430 | D:1      | Reached skill level 4 in Fighting
   467 | D:1      | Reached XP level 3. HP: 49/49 MP: 3/3
   711 | D:1      | Reached XP level 4. HP: 59/59 MP: 4/4
   760 | D:2      | Reached skill level 1 in Dodging
   760 | D:2      | Reached XP level 5. HP: 28/69 MP: 5/5
  1090 | D:2      | Reached skill level 5 in Fighting
  1179 | D:2      | Reached XP level 6. HP: 68/79 MP: 6/6
  1385 | D:2      | Reached skill level 5 in Axes & Hammers
  1628 | D:2      | Reached skill level 5 in Shields
  1628 | D:2      | Reached XP level 7. HP: 65/89 MP: 7/7
  2259 | D:2      | Reached skill level 6 in Fighting
  2337 | D:2      | Splashed by a big kobold's acid

Illustrated notes

Levels and vault maps discovered:
D:1:      minmay_arrival_split_and_join, layout_basic,
          cheibrodos_sewer_entry_bend
D:2:      layout_sewer, sewer_frog_pond, first_ration

Skill      XL: |  1  2  3  4  5  6  7 |
---------------+----------------------+-----
Axes & Hammers | 3 4 5 |  5.9
Fighting       | 4 5 6 |  6.0
Shields        | 4 5 |  5.4
Dodging        | 1 |  1.9
Armour         | 4 |  4.5

Action                   |  1- 3 |  4- 6 |  7- 9 || total
-------------------------+-------+-------+-------++-------
Melee: War axe           |    50 |   125 |    69 ||   244
Throw: Stone             |    10 |    13 |    13 ||    36
       Rusty metal       |     6 |    12 |     6 ||    24
       Skull             |     6 |     9 |     9 ||    24
       Bone              |     5 |    13 |     5 ||    23
  Use: Potion            |       |     2 |     1 ||     3
       Scroll            |       |       |     1 ||     1
  Eat: Chunk             |       |     3 |     2 ||     5
Armor: Chain mail        |    25 |    79 |    27 ||   131
       Scale mail        |     1 |       |       ||     1
Dodge: Dodged            |     8 |    30 |    13 ||    51
Block: Heater shield     |    25 |    75 |    33 ||   133
